Map: Solaris LE

Players

JayMunger - Winner!

  • Race: Protoss Protoss
  • League: Diamond
  • Spawn Location: 7:00

Subwayeatn

  • Race: Zerg Zerg
  • League: Platinum
  • Spawn Location: 1:00

VOD

Have the link to the VOD?

Description

Time

  • Played on: Oct. 19, 2023, 9:55 p.m.
  • Length: 6:59
Show
View Real Time Build Order
Export as new Build Order

JayMunger Protoss - Winner!

Build Orders:  

Get SALT Encoding   

  12  0:00  Probe (Chrono Boost)  
  13  0:11  Probe (Chrono Boost)  
  14  0:16  Probe (Chrono Boost)  
  15  0:22  Pylon  
  15  0:40  Probe  
  16  0:52  Probe  
  17  1:00  Forge  
  17  1:04  Gateway  
  17  1:08  Assimilator  
  17  1:10  Probe, Pylon  
  18  1:22  Probe  
  19  1:36  Photon Cannon  
  19  1:42  Pylon  
  19  1:54  Cybernetics Core  
  19  1:58  Zealot  
  20  2:17  Probe  
  21  2:23  Photon Cannon  
  21  2:24  Photon Cannon  
  21  2:29  Probe  
  22  2:53  Nexus  
  22  3:09  Assimilator  
  22  3:18  Stargate  
  22  3:28  Shield Battery  
  22  3:29  Pylon  
  22  3:41  Warp Gate  
  22  3:43  Zealot  
  24  3:48  Probe  
  25  4:01  Probe  
  26  4:14  Probe (Chrono Boost)  
  31  4:17  Probe (Chrono Boost)  
  31  4:19  Assimilator  
  31  4:20  Void Ray  
  32  4:29  Probe (Chrono Boost)  
  32  4:30  Probe (Chrono Boost)  
  34  4:31  Protoss Ground Weapons Level 1 (Chrono Boost)  
  34  4:34  Probe (Chrono Boost)  
  34  4:37  Probe  
  36  4:45  Probe (Chrono Boost)  
  36  4:49  Probe (Chrono Boost)  
  39  5:00  Photon Cannon, Probe (Chrono Boost)  
  39  5:01  Probe (Chrono Boost)  
  39  5:03  Shield Battery  
  39  5:06  Probe (Chrono Boost)  
  40  5:13  Probe (Chrono Boost)  
  41  5:17  Probe (Chrono Boost)  
  43  5:21  Probe (Chrono Boost)  
  43  5:22  Probe (Chrono Boost)  
  43  5:27  Void Ray (Chrono Boost)  
  48  5:31  Probe  
  48  5:32  Assimilator, Probe  
  50  5:39  Twilight Council  
  50  5:43  Probe  
  50  5:46  Gateway  
  51  5:52  Probe  
  51  5:56  Probe  
  53  5:57  Pylon  
  53  6:04  Probe  
  54  6:15  Probe  
  55  6:21  Gateway  
  55  6:23  Gateway  
  55  6:27  Gateway  
  55  6:37  Nexus, Probe x2  
  57  6:47  Zealot x2  
Show
View Real Time Build Order
Export as new Build Order

Subwayeatn Zerg 

Build Orders: Pool First 

Get SALT Encoding   

  12  0:18  Spawning Pool  
  11  0:22  Drone  
  11  0:26  Drone  
  13  0:30  Drone  
  14  0:40  Overlord  
  14  1:06  Zergling x2  
  14  1:09  Hatchery  
  14  1:13  Zergling x2  
  14  1:15  Zergling x2  
  16  1:23  Zergling x2  
  17  1:32  Zergling x2  
  18  1:34  Queen  
  20  1:46  Drone  
  21  1:49  Drone  
  17  2:32  Queen  
  17  2:35  Queen  
  21  2:37  Hatchery  
  21  2:40  Drone x2  
  21  2:41  Drone  
  21  3:09  Roach Warren  
  20  3:19  Zergling x6  
  23  3:22  Zergling x8  
  27  3:37  Overlord  
  27  3:38  Extractor  
  24  3:48  Queen  
  23  3:58  Drone  
  23  4:02  Hatchery  
  22  4:10  Zergling x2  
  22  4:14  Queen  
  22  4:16  Drone  
  25  4:44  Drone x7  
  32  4:54  Extractor  
  32  4:57  Drone x2  
  33  5:09  Drone x2  
  35  5:21  Drone x2  
  35  5:22  Drone x3  
  40  5:32  Metabolic Boost  
  40  5:49  Overlord x2  
  40  5:50  Overlord  
  40  6:04  Drone x2  
  40  6:08  Extractor  
  40  6:10  Evolution Chamber  
  39  6:12  Evolution Chamber  
  38  6:20  Spore Crawler  
  37  6:26  Extractor  
  37  6:29  Spore Crawler  
  37  6:32  Drone x5  
  40  6:33  Drone x9  
  49  6:54  Spore Crawler  
Tags
 
Matchup
PvZ
Opening
Pool First
Replay Pack
Multiplayer
Spawn Locations
Cross Positions
Add a new tag
Caveats
  • Supply blocks, unpowered buildings, or Contaminate may cause inaccurate times.
  • Supply counts are checked every 10 seconds.